Map: Acropolis LE

Players

Harstem

  • Race: Protoss Protoss
  • League: Grandmaster
  • Spawn Location: 11:00

A.I. 1 (Very Easy) - Winner!

  • Race: Zerg Zerg
  • Spawn Location: 5:00

VOD

Have the link to the VOD?

Description

oracle

Time

  • Played on: Oct. 3, 2019, 11:03 a.m.
  • Length: 7:30
Show
View Real Time Build Order
Export as new Build Order

Harstem Protoss 

Build Orders: 1 Gate Expand, Oracle Opening, Zealot Archon 

Get SALT Encoding   

  12  0:01  Probe  
  13  0:13  Probe  
  14  0:22  Pylon  
  14  0:25  Probe  
  15  0:41  Probe (Chrono Boost)  
  16  0:44  Gateway  
  16  0:48  Probe (Chrono Boost)  
  16  0:49  Assimilator  
  17  0:55  Probe  
  18  1:07  Probe  
  19  1:19  Probe  
  20  1:25  Nexus  
  20  1:33  Cybernetics Core  
  20  1:36  Probe  
  21  1:43  Assimilator  
  21  1:48  Probe  
  21  1:50  Pylon  
  22  2:00  Probe  
  23  2:07  Adept (Chrono Boost)  
  23  2:12  Probe  
  26  2:22  Stargate  
  26  2:24  Probe  
  26  2:28  Stalker (Chrono Boost)  
  30  2:37  Probe (Chrono Boost)  
  30  2:40  Warp Gate  
  30  2:41  Probe (Chrono Boost)  
  31  2:47  Probe (Chrono Boost)  
  31  2:50  Probe (Chrono Boost)  
  33  2:52  Probe (Chrono Boost)  
  34  3:00  Probe  
  34  3:04  Probe  
  36  3:07  Oracle (Chrono Boost)  
  39  3:12  Probe  
  39  3:16  Probe  
  41  3:22  Pylon  
  41  3:24  Gateway  
  41  3:25  Probe  
  42  3:28  Probe  
  43  3:37  Probe  
  43  3:38  Oracle (Chrono Boost)  
  43  3:40  Probe  
  45  3:47  Assimilator  
  48  3:49  Probe  
  48  3:50  Pylon  
  48  3:51  Assimilator  
  48  3:52  Probe  
  50  3:56  Robotics Facility  
  50  4:01  Probe  
  51  4:04  Probe  
  51  4:07  Nexus  
  52  4:12  Pylon  
  52  4:16  Probe x2 (Chrono Boost)  
  54  4:26  Forge, Twilight Council  
  54  4:28  Probe (Chrono Boost)  
  54  4:30  Probe (Chrono Boost)  
  56  4:32  Probe (Chrono Boost)  
  56  4:33  Sentry  
  56  4:37  Probe  
  60  4:43  Probe  
  60  4:44  Pylon  
  61  4:47  Observer (Chrono Boost)  
  61  4:49  Probe  
  63  4:52  Gateway  
  63  4:53  Gateway  
  63  4:55  Probe  
  63  4:56  Sentry  
  63  4:58  Protoss Ground Weapons Level 1 (Chrono Boost)  
  66  5:01  Probe  
  66  5:02  Pylon  
  66  5:06  Immortal (Chrono Boost)  
  67  5:10  Probe, Charge  
  67  5:13  Probe  
  73  5:20  Probe (Chrono Boost)  
  74  5:22  Probe (Chrono Boost)  
  76  5:31  Templar Archives, Probe (Chrono Boost)  
  76  5:32  Probe (Chrono Boost)  
  76  5:33  Probe (Chrono Boost)  
  76  5:34  Assimilator  
  78  5:36  Assimilator  
  78  5:37  Probe (Chrono Boost)  
  78  5:38  Probe (Chrono Boost)  
  78  5:39  Probe (Chrono Boost)  
  81  5:44  Warp Prism  
  81  5:47  Probe  
  84  5:50  Probe  
  84  5:52  Gateway x2  
  84  5:54  Pylon, Probe  
  86  5:59  Probe  
  86  6:00  Psionic Storm  
  86  6:02  Gateway  
  86  6:03  Gateway  
  87  6:06  Pylon  
  87  6:12  High Templar x2  
  87  6:14  Zealot  
  93  6:20  High Templar  
  93  6:21  Pylon  
  95  6:26  Gateway  
  95  6:28  Gateway  
  95  6:29  Photon Cannon  
  95  6:35  High Templar  
  95  6:37  Pylon  
  97  6:45  Zealot x2  
  101  6:47  High Templar x2, Probe  
  101  6:48  Nexus  
  101  6:49  Pylon  
  101  6:50  Probe  
  107  6:55  Archon  
  107  6:57  Zealot x2  
  107  6:59  Pylon  
  111  7:04  Zealot  
  111  7:07  Zealot x2  
  117  7:10  Probe x2  
  117  7:11  Probe  
  120  7:19  High Templar x2  
  120  7:22  Zealot x4  
  133  7:25  Zealot  
  133  7:28  Archon  
Show
View Real Time Build Order
Export as new Build Order

A.I. 1 (Very Easy) Zerg - Winner!

Build Orders: Pool Only 

Get SALT Encoding   

  12  0:00  Drone  
  13  0:12  Overlord  
  13  0:16  Drone  
  14  0:35  Spawning Pool  
  13  0:37  Extractor  
  13  0:39  Drone  
  13  0:46  Drone  
  14  0:51  Overlord  
  14  1:22  Zergling x2, Queen  
  17  1:31  Roach Warren  
  16  1:34  Drone  
  16  1:37  Extractor  
  17  1:40  Zergling x2  
  17  1:41  Drone  
  18  1:55  Drone  
  18  1:57  Zergling x2  
  20  2:06  Drone  
  21  2:17  Drone  
  22  2:27  Drone  
  22  2:29  Overlord  
  23  2:35  Drone  
  24  2:42  Drone  
  25  3:04  Zergling x2  
  24  3:21  Zergling x2  
  24  3:39  Zergling x2  
  24  3:56  Zergling x2  
  24  4:02  Drone  
  25  4:43  Zergling x2  
  24  4:50  Queen  
  23  4:54  Drone  
  15  5:00  Zergling x2  
  15  5:02  Drone  
  12  5:09  Drone  
  13  5:16  Drone  
  13  5:17  Zergling x2  
  15  5:23  Drone  
  16  5:30  Drone  
  16  5:34  Zergling x2  
  18  5:38  Drone, Lair  
  19  5:45  Drone  
  20  5:52  Drone  
  21  6:00  Drone  
  22  6:07  Drone  
  23  6:14  Drone  
  23  6:17  Roach  
  24  6:21  Drone  
  25  6:28  Drone  
  26  6:35  Drone  
  26  6:37  Overlord  
  26  6:38  Overseer x2  
  27  6:42  Drone  
  28  6:50  Drone  
  29  6:57  Drone  
  30  7:03  Roach  
Tags
 
Add a new tag
Caveats
  • Supply blocks, unpowered buildings, or Contaminate may cause inaccurate times.
  • Supply counts are checked every 10 seconds.